 Dungeon Crawl Stone Soup version 0.31-a0-523-g071a6c1ffa (webtiles) character file.

Game seed: 10558724265146192841

147 Ethylacetat the Ducker (level 5, 0/36 HPs)
             Began as an Octopode Gladiator on Aug 11, 2023.
             Slain by an orc
             ... wielding a +0 hand axe
              (6 damage)
             ... on level 4 of the Dungeon.
             The game lasted 00:02:19 (2368 turns).

Ethylacetat the Ducker (Octopode Gladiator)         Turns: 2368, Time: 00:02:20

Health: 0/36       AC:  1    Str: 13    XL:     5   Next: 29%
Magic:  5/5        EV: 14    Int: 10    God:
Gold:   192        SH:  0    Dex: 16    Spells: 4/4 levels left

rFire   . . .        a - +0 long sword
rCold   . . .        (no shield)
rNeg    . . .        b - +0 hat
rPois   .            (no amulet)
rElec   .            (no ring)
rCorr   .            (no ring)
SInv    .            (no ring)
Will    .....        (no ring)
Stlth   ++           (no ring)
HPRegen 0.26/turn    (no ring)
MPRegen 0.09/turn    (no ring)
                     (no ring)

%: no passive effects
@: no status effects
A: almost no armour, amphibious, 8 rings, camouflage 1, gelatinous body 1,
(nimble swimmer 1), tentacles
a: no special abilities


You were on level 4 of the Dungeon.
You visited 1 branch of the dungeon, and saw 4 of its levels.

You collected 192 gold pieces.

Inventory:

Hand Weapons
 a - a +0 long sword (weapon)
Missiles
 c - 3 throwing nets (quivered)
 d - a javelin
 h - 4 silver javelins
Armour
 b - a +0 hat (worn)
Scrolls
 e - a scroll of enchant armour {unknown}
 f - 3 scrolls of fog {unknown}
 i - 5 scrolls of identify {unknown}
 j - 4 scrolls of teleportation {unknown}
 m - a scroll of vulnerability {unknown}
 n - a scroll of acquirement {unknown}
 p - a scroll of fear {unknown}
 q - a scroll of blinking {unknown}
 s - a scroll of silence {unknown}
 t - a scroll of noise {unknown}
 u - a scroll of enchant weapon {unknown}
Potions
 g - 6 potions of curing {unknown}
 k - a potion of degeneration {unknown}
 l - 2 potions of berserk rage {unknown}
 o - a potion of lignification {unknown}
 r - a potion of haste {unknown}


   Skills:
 + Level 3.1 Fighting
 + Level 3.8 Long Blades
 + Level 3.1 Throwing
 + Level 3.9 Dodging


You had 4 spell levels left.
You didn't know any spells.
Your spell library contained the following spells:

 Spells                   Type           Power      Damage    Failure   Level
 Ensorcelled Hibernation  Hex/Ice        0%         N/A       50%         2
 Passwall                 Tmut/Erth      0%         N/A       50%         2
 Swiftness                Air            0%         N/A       75%         3
 Tukima's Dance           Hex            0%         N/A       75%         3
 Passage of Golubria      Tloc           0%         N/A       98%         4
 Yara's Violent Unravell  Hex/Tmut       0%         3d3       100%        5


Dungeon Overview and Level Annotations

Branches:
Dungeon (4/15)
 Temple: D:4-7

Altars:
Cheibriados
Kikubaaqudgha
Nemelex Xobeh
Ru


Innate Abilities, Weirdness & Mutations

You cannot wear most types of armour.
You are amphibious.
You can wear up to eight rings at the same time.
Your skin changes colour to match your surroundings (Stealth+).
Your rubbery body absorbs attacks. (AC +1, EV +1)
((You are camouflaged when in or above water. (Stealth+)))
You have tentacles for arms and can constrict up to eight enemies at once.


Message History

An orc priest is nearby! 2 orcs come into view.
The orc priest shouts!
The orc shouts!
You hear a shout!
The orc priest calls down the wrath of Beogh upon you.
You barely resist.
An orc comes into view. It is wielding a +0 hand axe.
There are monsters nearby!
There are monsters nearby!
You barely miss the orc priest.
The orc shouts!
Your grab misses the orc priest. Your squeeze misses the orc priest.
The orc priest closely misses you. The orc closely misses you.
The orc priest barely misses you.
You completely miss the orc priest. Your grab misses the orc priest.
The orc priest closely misses you. The orc hits you with a +0 club.
You slash the orc priest! Your grab misses the orc priest.
You tentacle-slap the orc priest.
The orc priest is almost dead.
The orc priest hits you with a +0 morningstar!
You closely miss the orc priest. Your grab misses the orc priest.
The orc priest is almost dead.
The orc hits you with a +0 club. The orc priest misses you.
You barely miss the orc priest. Your grab misses the orc priest.
The orc priest is almost dead.
The orc priest invokes the aid of Beogh against you.
Beogh smites you!
* * * LOW HITPOINT WARNING * * *
The orc barely misses you.
You are too injured to fight recklessly!
You closely miss the orc priest. You grab the orc priest.
The orc priest is almost dead.
You constrict the orc priest.
You kill the orc priest!
The orc hits you with a +0 falchion.
* * * LOW HITPOINT WARNING * * *
The orc hits you with a +0 club.
* * * LOW HITPOINT WARNING * * *
The orc misses you. The orc barely misses you. x2
The orc hits you with a +0 hand axe.
You die...

##..#..## #.. #
##.......####....
#.###................#
##..............# ...#
#.......##......#
#.......#..####.#
...........# ..#
..........## ..
.........@o#
........o)o.#
##..####....... #..
#.......# #. #......##
.......# ......##
..##...#


You could see 3 orcs.

Vanquished Creatures
  An orc priest (D:4)
  A sleepcap (D:4)
  An iguana (D:4)
  Terence (D:2)
  An adder (D:2)
  A worm (D:2)
  5 orcs (D:3)
  9 ball pythons
  3 endoplasms
  2 giant cockroaches
  5 goblins
  2 hobgoblins
  4 jackals (D:1)
  5 bats
  A frilled lizard (D:1)
  9 kobolds
  2 rats (D:2)
53 creatures vanquished.

Notes
Turn   | Place    | Note
-------+----------+-------------------------------------------
     0 | D:1      | Ethylacetat the Octopode Gladiator began the quest for the
                  | Orb.
     0 | D:1      | Reached XP level 1. HP: 14/14 MP: 1/1
   140 | D:1      | Reached XP level 2. HP: 8/19 MP: 2/2
   802 | D:2      | Reached XP level 3. HP: 20/25 MP: 3/3
  1148 | D:2      | Noticed Terence
  1154 | D:2      | Killed Terence
  1155 | D:2      | Reached XP level 4. HP: 30/30 MP: 4/4
  1442 | D:3      | Found a sparkling altar of Nemelex Xobeh.
  1443 | D:3      | Found a snail-covered altar of Cheibriados.
  1443 | D:3      | Found a sacrificial altar of Ru.
  1980 | D:3      | Found an ancient bone altar of Kikubaaqudgha.
  2214 | D:4      | Reached XP level 5. HP: 28/36 MP: 5/5
  2368 | D:4      | Slain by an orc

Illustrated notes

Levels and vault maps discovered:
D:1:      eino_arrival_water_cross, layout_loops_ring
D:2:      minmay_wonky_spiral, layout_basic, uniq_terence
D:3:      layout_basic, chequers_temple_overflow_statue_of_worship,
          hex_intersection, kennysheep_doodads
D:4:      layout_layer_cave, serial_shops, nicolae_shop_tiny_real_fake_doors,
          dk_noncrumbling_2, minivault_11

Skill      XL: |  1  2  3  4 |
---------------+-------------+-----
Fighting       | 3 |  3.1
Throwing       | 3 |  3.1
Long Blades    | |  3.8
Dodging        | |  3.9

Action                     |  1- 3 |  4- 6 || total
---------------------------+-------+-------++-------
  Melee: Long sword        |    62 |    45 ||   107
         Constrict         |    16 |    12 ||    28
         Tentacles         |     6 |     6 ||    12
         Punch             |     2 |     1 ||     3
   Stab: Sleeping          |     2 |     1 ||     3
 Armour: Skin              |     7 |       ||     7
  Dodge: Dodged            |    40 |    36 ||    76

Table legend: (Time is in decaauts)
 A = Elapsed time spent in this place.
 B = Non-inter-level travel time spent in this place.
 C = Inter-level travel time spent in this place.
 D = Time resting spent in this place.
 E = Time spent auto-exploring this place.
 F = Levels seen in this place.
 G = Mean time per level.
                   A        B        C        D        E       F      G
               +--------+--------+--------+--------+--------+-----+--------+
         Total |   2391 |   2298 |     93 |      0 |   1944 |   4 |  597.8 |
       Dungeon |   2391 |   2298 |     93 |      0 |   1944 |   4 |  597.8 |
               +--------+--------+--------+--------+--------+-----+--------+

Top non-repeatable levels by time:
     D:3: 754 daAuts
     D:1: 730 daAuts
     D:2: 697 daAuts
     D:4: 208 daAuts
